 Dungeon Crawl Stone Soup version 0.21-a0-442-g848f44b (webtiles) character file.

825 Ijustatesigmund the Skirmisher (level 7, -1/50 HPs)
             Began as an Octopode Artificer on Nov 13, 2017.
             Was a Follower of Okawaru.
             Shot with an arrow by a centaur (10 damage)
             ... on level 5 of the Dungeon.
             The game lasted 00:10:30 (5225 turns).

Ijustatesigmund the Skirmisher (Octopode Artificer) Turns: 5225, Time: 00:10:31

Health: -1/50      AC:  1    Str: 11    XL:     7   Next: 96%
Magic:  9/9        EV: 13    Int: 14    God:    Okawaru [*.....]
Gold:   175        SH:  0    Dex: 14    Spells: 6/6 levels left

rFire    . . .     SeeInvis .   g - +1 flail (protect)
rCold    . . .     Gourm    .   (no shield)
rNeg     . . .     Faith    .   (helmet restricted)
rPois    .         Spirit   .   (no amulet)
rElec    .         Reflect  .   n - ring of protection from magic
rCorr    .         Harm     .   (no ring)
MR       +....                  (no ring)
Stlth    ++++......             (no ring)
HPRegen  0.16/turn              (no ring)
MPRegen  0.11/turn              (no ring)
                                (no ring)
                                (no ring)

@: no status effects
A: almost no armour, stealthy swim, amphibious, 8 rings, constrict 8, camouflage
1, gelatinous body 1
a: Heroism, Renounce Religion


You were on level 5 of the Dungeon.
You worshipped Okawaru.
Okawaru was aware of your devotion.
You were not hungry.

You visited 2 branches of the dungeon, and saw 6 of its levels.

You collected 337 gold pieces.
You spent 162 gold pieces at shops.

Inventory:

Hand Weapons
 a - a +1 mace
 g - a +1 flail of protection (weapon)
Missiles
 k - a throwing net (quivered)
Jewellery
 n - a ring of protection from magic (left tentacle)
Wands
 b - a wand of flame (5/48)
 c - a wand of enslavement (21/24)
 d - a wand of random effects (13/48)
Scrolls
 e - a scroll of teleportation
 i - a scroll of remove curse
Potions
 m - a potion of ambrosia
 o - a potion of heal wounds
Comestibles
 f - 4 bread rations
 r - 4 meat rations


   Skills:
 * Level 5.3 Fighting
   Level 1.0 Short Blades
 * Level 4.5 Maces & Flails
 - Level 2.0 Dodging
 + Level 4.9 Stealth
 + Level 3.4 Invocations
 - Level 3.2 Evocations


You had 6 spell levels left.
You didn't know any spells.

Dungeon Overview and Level Annotations

Branches:
Dungeon (5/15)             Temple (1/1) D:4

Altars:
Ashenzari
Cheibriados
Dithmenos
Elyvilon
Fedhas
Gozag
Hepliaklqana
Kikubaaqudgha
Makhleb
Nemelex Xobeh
Okawaru
Qazlal
Ru
Sif Muna
Trog
Uskayaw
Vehumet
Wu Jian
Xom
Yredelemnul
Zin
The Shining One

Shops:
D:4 (


Innate Abilities, Weirdness & Mutations

You cannot wear most types of armour.
You are very stealthy in the water. (Stealth+)
You are amphibious.
You can wear up to eight rings at the same time.
You can use your tentacles to constrict eight enemies at once.
Your skin changes colour to match your surroundings (Stealth+).
Your rubbery body absorbs attacks. (AC +1, EV +1)


Message History

Aim: an orc priest, wielding a whip and wearing a ring mail (chance to defeat MR: 55%)
The orc priest resists with significant effort.
This wand has 22 charges left.
The orc priest barely misses you.
Evoke which item? (* to show all) (? for menu, Esc to quit)
Aiming: Enslavement
Press: ? - help, Shift-Dir - straight line, f/p - orc priest
Aim: an orc priest, wielding a whip and wearing a ring mail (chance to defeat MR: 55%)
The orc priest is charmed.
This wand has 21 charges left.
The centaur shoots an arrow.
The arrow closely misses your orc priest.
The arrow hits you!
* * * LOW HITPOINT WARNING * * *
Your orc priest barely misses the centaur.
The sky beast hits your orc priest but does no damage.
The centaur shoots an arrow.
The arrow hits your orc priest.
Your orc priest calls down the wrath of Beogh upon the centaur.
The centaur writhes in agony!
The centaur shoots an arrow.
The arrow closely misses your orc priest.
The arrow hits you!
You die...

.# #.............#.....# .#
#...............#.o...# .#
#.#...(.........#...o.# .#
#.......#.#####...o.# .###
#.###.#.#.# #.....# .#.# #.
#.#.#.# ##.o...+ .#.# #
#.#.#.# #......#
...#.#.....#.#.####Z....#..
................@(oY........
.#.#.........#.####c....#.#.
......########.# #####.#
......# #.. ... ......# .##
### ......# . [....... ..
......## .. ......#


You could see a sky beast, a centaur, an adder skeleton and a friendly orc
priest.

Vanquished Creatures
  The ghost of Ijustatesigmund the Skirmisher, a novice OpAr (D:4)
  Menkaure (D:4)
  An orc warrior (D:4)
  An orc priest (D:4)
  3 orc wizards (D:4)
  Crazy Yiuf (D:4)
  3 worker ants (D:4)
  An iguana (D:4)
  A hound zombie (D:5)
  2 adders (D:4)
  An ooze (D:3)
  A worm (D:3)
  2 leopard geckos (D:3)
  9 orcs
  2 giant cockroaches (D:1)
  6 goblins
  2 hobgoblins (D:1)
  6 jackals
  A quokka (D:2)
  2 ball pythons
  5 bats
  7 frilled lizards
  2 kobolds
  2 rats (D:1)
  2 fungi
65 creatures vanquished.

Vanquished Creatures (others)
  An orc (D:4)
1 creature vanquished.

Grand Total: 66 creatures vanquished

Notes
Turn   | Place    | Note
-------+----------+-------------------------------------------
     0 | D:1      | Ijustatesigmund the Octopode Artificer began the quest for the Orb.
     0 | D:1      | Reached XP level 1. HP: 13/13 MP: 3/3
   353 | D:1      | Reached skill level 2 in Fighting
   353 | D:1      | Reached XP level 2. HP: 19/19 MP: 4/4
   946 | D:2      | Found a shattered altar of Ashenzari.
  1323 | D:3      | Reached XP level 3. HP: 18/25 MP: 5/5
  1780 | D:3      | Reached skill level 1 in Maces & Flails
  2189 | D:3      | You fall through a shaft!
  2234 | D:4      | Reached skill level 3 in Fighting
  2234 | D:4      | Reached XP level 4. HP: 31/31 MP: 6/6
  2542 | D:4      | Reached XP level 5. HP: 37/37 MP: 7/7
  2546 | D:4      | Noticed Ijustatesigmund's ghost (novice OpAr)
  2553 | D:4      | Reached skill level 4 in Fighting
  2964 | D:4      | Killed Ijustatesigmund's ghost
  2964 | D:4      | Reached skill level 5 in Fighting
  2964 | D:4      | Reached XP level 6. HP: 16/45 MP: 8/8
  2964 | D:4      | Reached XP level 7. HP: 18/50 MP: 9/9
  3167 | D:4      | Found a staircase to the Ecumenical Temple.
  3178 | D:4      | Found Taliv's Antique Weapon Shoppe.
  3185 | Temple   | Entered the Ecumenical Temple
  3235 | Temple   | Became a worshipper of Warmaster Okawaru
  3479 | D:4      | Noticed Menkaure
  3485 | D:4      | Killed Menkaure
  3485 | D:4      | Reached skill level 1 in Invocations
  4480 | D:4      | Bought a glowing flail for 162 gold pieces
  4588 | D:4      | Reached * piety under Okawaru
  5031 | D:4      | Found a runed door.
  5035 | D:4      | Noticed Crazy Yiuf
  5040 | D:4      | Killed Crazy Yiuf
  5123 | D:5      | Entered Level 5 of the Dungeon
  5225 | D:5      | Shot with an arrow by a centaur

Vault maps used:
D:1:      wheals_arrival_linesprint
D:2:      old_standard_altar
D:3:      first_bread, minmay_gold_behind_fungi
D:4:      minmay_temple_entry_large_hall, serial_shops,
          nicolae_shop_statue_plus, st_stairs_10, kennysheep_generic_room_3,
          uniq_menkaure, uniq_crazy_yiuf_cottage
Temple:   regret_index_temple_sigil_plot

Skill      XL: |  1  2  3  4  5  6  7 |
---------------+----------------------+-----
Fighting       | 2 3 5 |  5.3
Maces & Flails | 2 4 |  4.5
Stealth        | 4 |  4.9
Invocations    | 3 |  3.4
Short Blades   | |  1.0
Dodging        | |  2.0
Evocations     | |  3.2

Action                   |  1- 3 |  4- 6 |  7- 9 || total
-------------------------+-------+-------+-------++-------
Melee: Short sword       |    20 |       |       ||    20
       Mace              |    51 |    38 |    28 ||   117
       Constrict         |    16 |     7 |    13 ||    36
       Tentacles         |    15 |     8 |     8 ||    31
       Flail             |       |       |    20 ||    20
Evoke: Wand              |       |       |    15 ||    15
  Use: Scroll            |     8 |       |     5 ||    13
       Potion            |       |     3 |       ||     3
 Stab: Sleeping          |     6 |       |     4 ||    10
  Eat: Chunk             |     3 |     2 |     2 ||     7
       Fruit             |       |     1 |     1 ||     2
       Bread ration      |       |       |     1 ||     1
Armor: Skin              |     7 |     2 |     3 ||    12
Dodge: Dodged            |    48 |    35 |    25 ||   108

Table legend:
 A = Spawn XP
 B = Non-spawn XP
 C = Spawn XP percentage of total XP
 D = Spawn monster count
 E = Non-spawn monster count
 F = Spawn count percentage of total count
 G = Total turns spent on level
                    A         B        C        D         E        F      G
               +---------+---------+-------+---------+---------+-------+---------
         Total |       0 |    1179 |   0.0 |       0 |      63 |   0.0 |  5225
               +---------+---------+-------+---------+---------+-------+---------
           D:1 |       0 |      19 |   0.0 |       0 |      13 |   0.0 |   764
           D:2 |       0 |       7 |   0.0 |       0 |       4 |   0.0 |   511
           D:3 |       0 |      46 |   0.0 |       0 |      19 |   0.0 |  1305
           D:4 |       0 |    1084 |   0.0 |       0 |      25 |   0.0 |  2270
           D:5 |       0 |      23 |   0.0 |       0 |       2 |   0.0 |   102
               +---------+---------+-------+---------+---------+-------+---------
